 Dungeon Crawl Stone Soup version 0.31.0-32-g396128a36d (webtiles) character file.

Game seed: 15378520481848986192

63 TheRollingGherkin the Shield-Bearer (level 3, 0/33 HPs)
             Began as a Minotaur Fighter on Mar 29, 2024.
             Killed by divine providence
             ... invoked by an orc priest
              (12 damage)
             ... on level 3 of the Dungeon.
             The game lasted 00:17:14 (2882 turns).

TheRollingGherkin the Shield-Bearer (MiFi)          Turns: 2882, Time: 00:17:14

Health: 0/33       AC:  7    Str: 22    XL:     3   Next: 87%
Magic:  2/2        EV:  9    Int:  5    God:
Gold:   134        SH:  0    Dex:  9    Spells: 2/2 levels left

rFire   . . .        n - +2 spear (venom)
rCold   . . .        c - +0 buckler
rNeg    . . .        b - +0 scale mail
rPois   .            (helmet restricted)
rElec   .            (no cloak)
rCorr   .            (no gloves)
SInv    .            (no boots)
Will    .....        (no amulet) Stlth
                     (no ring)
HPRegen 0.25/turn    (no ring)
MPRegen 0.08/turn

%: no passive effects
@: confused, ambrosia-drunk
A: horns 2, retaliatory headbutt
a: no special abilities


You were on level 3 of the Dungeon.
You visited 1 branch of the dungeon, and saw 3 of its levels.

You collected 134 gold pieces.

Inventory:

Hand Weapons
 a - a +0 long sword
 f - a +0 short sword
 g - a +0 short sword
 h - a +0 club
 j - a +0 club
 n - a +2 spear of venom (weapon)
Missiles
 e - 34 stones (quivered)
 o - 12 poisoned darts
Armour
 b - a +0 scale mail (worn)
 c - a +0 buckler (worn)
 k - a +0 ring mail
Jewellery
 p - a ring of poison resistance
Scrolls
 m - a scroll of fog {unknown}
 q - a scroll of noise {unknown}
 r - a scroll of enchant weapon {unknown}
 s - 2 scrolls of identify {unknown}
Potions
 d - a potion of might
 i - 3 potions of brilliance {unknown}
 l - a potion of attraction {unknown}
 t - a potion of mutation {unknown}


   Skills:
 - Level 3.8 Fighting
 - Level 2.4 Long Blades
 + Level 0.5 Polearms
 - Level 3.9 Armour
 * Level 1.2 Dodging
 * Level 1.0 Stealth
 * Level 4.7 Shields


You had 2 spell levels left.
You didn't know any spells.
Your spell library contained the following spells:

 Spells                   Type           Power      Damage    Failure   Level
 Stone Arrow              Conj/Erth      0%         3d7       99%         3
 Animate Armour           Summ/Erth      0%         N/A       100%        4
 Lehudib's Crystal Spear  Conj/Erth      0%         10d2      100%        8


Dungeon Overview and Level Annotations

Branches:
Dungeon (3/15)

Altars:


Innate Abilities, Weirdness & Mutations

You have a pair of horns on your head.
You reflexively headbutt those who attack you in melee.


Message History

A goblin comes into view. It is wielding a +0 club.
The goblin shouts!
You hit the goblin.
You kill the goblin!
Things that are here:
a +0 club; a goblin corpse
Things that are here:
a +0 club; a goblin corpse Welcome back, TheRollingGherkin the Minotaur Fighter.
Press ? for a list of commands and other information.
An orc priest comes into view. It is wielding a +0 dagger.
The orc priest shouts!
The orc priest mumbles some strange prayers to Beogh against you.
Beogh smites you!
An orc comes into view.
It is wielding a +1 whip of electrocution.
You hear a shout!
An orc wizard comes into view. It is wielding a +0 dagger.
The orc wizard shouts!
An orc comes into view. It is wielding a +0 falchion.
Found 5 gold pieces.
The orc priest attacks as it pursues you!
The orc priest hits you but does no damage.
You hit the orc priest but do no damage.
The orc priest is poisoned.
Your headbutt misses the orc priest.
The orc priest hits you but does no damage.
The orc closely misses you.
You hit the orc.
The orc is poisoned.
The orc is almost dead.
The orc hits you but does no damage. The orc barely misses you.
The orc priest calls upon Beogh to heal the orc.
The orc's wounds heal themselves!
The orc priest invokes the aid of Beogh against you.
Beogh smites you!
* * * LOW HITPOINT WARNING * * *
It was a potion of ambrosia.
You are confused.
You feel invigorated. The orc hits you with a +0 falchion.
The orc priest mumbles some strange prayers to Beogh against you.
Beogh smites you!
You die...

## #. #. ####### #.
....$.. ####. .......
#....
......o###############....
......ooo@.........)......
........##############....
.......## #.... ......#
#.... .....# #.... .....
..... ...# #.... ### .....


You could see an orc priest (poisoned), an orc wizard and 2 orcs.

Vanquished Creatures
  2 adders (D:2)
  2 dart slugs (D:2)
  4 ball pythons
  3 endoplasms
  A giant cockroach (D:1)
  7 goblins
  4 hobgoblins
  2 quokkas (D:2)
  5 bats
  2 frilled lizards (D:1)
  6 kobolds
38 creatures vanquished.

Notes
Turn   | Place    | Note
-------+----------+-------------------------------------------
     0 | D:1      | TheRollingGherkin the Minotaur Fighter began the quest for
                  | the Orb.
     0 | D:1      | Reached XP level 1. HP: 19/19 MP: 0/0
   248 | D:1      | Reached XP level 2. HP: 27/27 MP: 1/1
   666 | D:1      | Reached skill level 4 in Shields
  1321 | D:2      | Reached XP level 3. HP: 30/33 MP: 2/2
  1599 | D:2      | Reached skill level 1 in Dodging
  1792 | D:2      | Reached skill level 1 in Stealth
  2389 | D:2      | Found a faded altar of an unknown god.
  2882 | D:3      | Killed from afar by an orc priest

Illustrated notes

Levels and vault maps discovered:
D:1:      zaba_arrival_water, layout_rooms
D:2:      layout_loops_ring, shapermc_ecumenical_altar_venn
D:3:      layout_basic, nicolae_overflow_ecumenical_swirl,
          mainiacjoe_overflow_large_starburst, gammafunk_ghost_gnarly_gnolls,
          uniq_robin

Skill      XL: |  1  2  3 |
---------------+----------+-----
Shields        | 4 |  4.7
Dodging        | 1 |  1.2
Stealth        | 1 |  1.0
Fighting       | |  3.8
Long Blades    | |  2.4
Polearms       | |  0.5
Armour         | |  3.9

Action                     || total
---------------------------++-------
  Melee: Long sword        ||    40
         Spear             ||    36
         Headbutt          ||     4
    Use: Potion            ||     1
 Armour: Scale mail        ||    49
  Dodge: Dodged            ||    39
  Block: Buckler           ||    24
